 Dungeon Crawl Stone Soup version 0.31-a0-344-gd109795599 (webtiles) character file.

Game seed: 10099429004193568335

11 GordonOverkill the Sneak (level 2, 0/24 HPs)
             Began as a Mummy Delver on July 22, 2023.
             Slain by a sleepcap (1 damage)
             ... on level 5 of the Dungeon.
             The game lasted 00:01:02 (223 turns).

GordonOverkill the Sneak (Mummy Delver)              Turns: 223, Time: 00:01:03

Health: 0/24       AC:  3    Str: 15    XL:     2   Next: 17%
Magic:  2/2        EV: 11    Int:  9    God:
Gold:   0          SH:  0    Dex: 13    Spells: 1/1 levels left

rFire   x . .        a - +0 short sword
rCold   + . .        (no shield)
rNeg    + + +        b - +0 leather armour
rPois   ∞            (no helmet)
rElec   .            (no cloak)
rCorr   .            (no gloves)
SInv    .            (no boots)
Will    .....        (no amulet)
Stlth   ++           (no ring)
HPRegen 0.24/turn    (no ring)
MPRegen 0.08/turn

%: faith
@: no status effects
A: cold resistance 1, negative energy resistance 3, torment resistance 2, heat
vulnerability 1, no potions, faith
a: no special abilities


You were on level 5 of the Dungeon.
You visited 1 branch of the dungeon, and saw 2 of its levels.

Inventory:

Hand Weapons
 a - a +0 short sword (weapon)
Armour
 b - a +0 leather armour (worn)
Wands
 f - a wand of digging (3)
Scrolls
 c - a scroll of fog
 d - a scroll of revelation
 g - a scroll of noise {unknown}


   Skills:
 - Level 3.0 Fighting
 + Level 2.3 Short Blades
 - Level 1.5 Dodging
 - Level 4.1 Stealth


You had one spell level left.
You didn't know any spells.
Your spell library was empty.

Dungeon Overview and Level Annotations

Branches:
Dungeon (6/15)
 Temple: D:4-7

Altars:

Shops:
D:6 ?

Annotations:
D:5 1 transporter, exclusion: downstairs, Chamberly's ghost, weakling HuCA


Innate Abilities, Weirdness & Mutations

You are immune to poison.
Your flesh is cold resistant. (rC+)
You are immune to negative energy. (rN+++)
You are immune to unholy pain and torment.
You are vulnerable to heat. (rF-)
You do not drink.
You have a special connection with the divine. (Faith)


Message History

The adder hisses angrily.
You hit the sleepcap but do no damage.
The sleepcap is heavily damaged.
The sleepcap barely misses you.
You hit the sleepcap but do no damage.
The sleepcap is heavily damaged.
The sleepcap barely misses you.
You hit the sleepcap.
The sleepcap is heavily damaged.
The sleepcap misses you.
You hit the sleepcap but do no damage.
The sleepcap is heavily damaged.
You hit the sleepcap but do no damage.
The sleepcap is heavily damaged.
The sleepcap releases spores at you.
* * * LOW HITPOINT WARNING * * *
You completely miss the sleepcap.
The sleepcap is heavily damaged.
The sleepcap closely misses you. The adder barely misses you.
You hit the sleepcap but do no damage.
The sleepcap is heavily damaged.
The sleepcap closely misses you. The adder bites you.
* * * LOW HITPOINT WARNING * * *
You barely miss the adder. The adder barely misses you.
The sleepcap releases spores at you.
* * * LOW HITPOINT WARNING * * *
Unknown command.
Unknown command.
As you read the scroll of fear, it crumbles to dust.
You assume a fearsome visage.
The adder looks frightened!
The sleepcap is unaffected.
The sleepcap releases spores at you!
* * * LOW HITPOINT WARNING * * *
You hit the sleepcap but do no damage.
The sleepcap is heavily damaged.
The sleepcap releases spores at you.
* * * LOW HITPOINT WARNING * * *
You hit the sleepcap.
The sleepcap is heavily damaged.
The sleepcap releases spores at you.
You die...

#........
#........
##........
+.........
#......... ..
#......... ####.
#f..<....# ..#..
#@...S.## ..#..
#.......#
#..#..##........
#..#............
..W#...........#
..Z#©..........#
...#..##.##...##
#.Z#..##.# ...#
#..#.....+ ....#


You could see a sleepcap and an adder (fleeing).

Vanquished Creatures
  A shadow imp (D:6)
  2 orcs (D:6)
3 creatures vanquished.

Notes
Turn   | Place    | Note
-------+----------+-------------------------------------------
     0 | D:5      | GordonOverkill the Mummy Delver began the quest for the
                  | Orb.
     0 | D:5      | Reached XP level 1. HP: 18/18 MP: 1/1
     3 | D:6      | Noticed a wight
    14 | D:5      | Found a transporter.
    14 | D:5      | Noticed Chamberly's ghost (weakling HuCA)
    18 | D:5      | Noticed a wyvern zombie
    24 | D:5      | Noticed a sleepcap
    28 | D:6      | Found Murruymes's Magic Scroll Shoppe.
    86 | D:6      | Reached XP level 2. HP: 14/24 MP: 2/2
   199 | D:6      | Noticed a black bear
   222 | D:5      | HP: 1/24 [sleepcap (1)]
   223 | D:5      | Slain by a sleepcap

Illustrated notes

Levels and vault maps discovered:
D:5:      layout_gridville, mainiacjoe_overflow_alcove_4,
          gammafunk_ghost_mausoleum, serial_shops, nicolae_shop_crystal,
          nicolae_half_adder, uniq_menkaure
D:6:      layout_loops_ring, marbit_many_paths, grunt_temple_overflow_open,
          serial_shops, shop, shop, shop, wad_floor_pattern_2,
          nicolae_shop_self_help

Skill      XL: |  1 |
---------------+----+-----
Short Blades   | 2 |  2.3
Fighting       | |  3.0
Dodging        | |  1.5
Stealth        | |  4.1

Action                     || total
---------------------------++-------
  Melee: Short sword       ||    32
         Punch             ||     1
    Use: Scroll            ||     1
 Armour: Leather armour    ||     3
  Dodge: Dodged            ||    15

Table legend: (Time is in decaauts)
 A = Elapsed time spent in this place.
 B = Non-inter-level travel time spent in this place.
 C = Inter-level travel time spent in this place.
 D = Time resting spent in this place.
 E = Time spent auto-exploring this place.
 F = Levels seen in this place.
 G = Mean time per level.
                   A        B        C        D        E       F      G
               +--------+--------+--------+--------+--------+-----+--------+
         Total |    220 |    220 |      0 |     88 |      0 |   2 |  110.0 |
       Dungeon |    220 |    220 |      0 |     88 |      0 |   2 |  110.0 |
               +--------+--------+--------+--------+--------+-----+--------+

Top non-repeatable levels by time:
     D:6: 183 daAuts
     D:5: 37 daAuts
